Map: Prion Terraces

Players

Miszu

  • Race: Terran Terran
  • League: Master

A.I. 1 (Very Easy)

  • Race: Protoss Protoss

VOD

Have the link to the VOD?

Description

Time

  • Played on: April 7, 2016, 1:32 p.m.
  • Length: 12:14
Show
View Real Time Build Order
Export as new Build Order

Miszu Terran 

Build Orders: MMM Bio, Banshee Rush 

Get SALT Encoding   

  1  0:00  Cloaking Field, Terran Infantry Armor Level 1, Zerg Melee Weapons Level 2, Enduring Locusts, Protoss Ground Armor Level 1, Terran Infantry Weapons Level 1, Terran Ship Weapons Level 1, Centrifical Hooks, Zerg Flyer Weapons Level 3, Terran Infantry Armor Level 2, Protoss Air Armor Level 3, Weapon Refit, Metabolic Boost, Durable Materials, Pneumatized Carapace, Terran Ship Armor Level 3, Terran Vehicle Armor Level 1, Terran Vehicle Armor Level 2, Zerg Flyer Armor Level 2, Terran Vehicle Weapons Level 3, Zerg Missile Weapons Level 3, Protoss Ground Weapons Level 2, Zerg Melee Weapons Level 3, Extended Thermal Lance, Zerg Ground Armor Level 1, Zerg Ground Armor Level 3, Building Armor, Zerg Melee Weapons Level 1, Observer Gravitic Boosters, Blink, Protoss Ground Armor Level 3, Zerg Flyer Armor Level 3, Protoss Ground Weapons Level 3, Moebius Reactor, Resonating Glaives, Zerg Missile Weapons Level 1, Terran Vehicle Weapons Level 1, Protoss Ground Armor Level 2, Terran Infantry Weapons Level 3, Burrow, Behemoth Reactor, Protoss Air Weapons Level 3, Terran Ship Weapons Level 2, Protoss Shields Level 3, Zerg Flyer Weapons Level 2, Charge, Zerg Flyer Weapons Level 1, Terran Ship Weapons Level 3, Caduceus Reactor, Stimpack, Ventral Sacs, Terran Infantry Armor Level 3, Protoss Shields Level 2, Pathogen Glands, Zerg Ground Armor Level 2, Protoss Air Armor Level 2, Terran Ship Armor Level 2, Hi-Sec Auto Tracking, Terran Vehicle Weapons Level 2, Terran Vehicle Armor Level 3, Adrenal Glands, Protoss Air Weapons Level 2, Gravitic Drive, Terran Ship Armor Level 1, Protoss Shields Level 1, Zerg Flyer Armor Level 1, Combat Shields, Terran Infantry Weapons Level 2, Graviton Catapult, Personal Cloaking, Tunneling Claws, Concussive Shells, Protoss Ground Weapons Level 1, Muscular Augments x2, Psionic Storm, Protoss Air Armor Level 1, Neural Parasite, Zerg Missile Weapons Level 2, Neosteel Frame, Warp Gate, Corvid Reactor, Glial Reconstitution, Protoss Air Weapons Level 1, Infernal Pre-Igniter, Chitinous Plating  
    0:09  Protoss Air Weapons Level 3, Zerg Missile Weapons Level 3, Protoss Shields Level 3, Terran Infantry Weapons Level 3, Zerg Flyer Armor Level 3, Zerg Ground Armor Level 3, Terran Infantry Armor Level 3, Zerg Melee Weapons Level 3, Terran Ship Armor Level 3, Zerg Flyer Weapons Level 3, Protoss Air Armor Level 3, Protoss Ground Armor Level 3, Terran Ship Weapons Level 3, Protoss Ground Weapons Level 3, Terran Vehicle Weapons Level 3, Terran Vehicle Armor Level 3  
    0:13  Unknown x5  
    0:30  Zerg Flyer Armor Level 2, Zerg Melee Weapons Level 2, Terran Vehicle Armor Level 2, Protoss Ground Weapons Level 2, Zerg Ground Armor Level 2, Terran Vehicle Weapons Level 2, Protoss Shields Level 2, Terran Infantry Armor Level 2, Protoss Air Armor Level 2, Zerg Missile Weapons Level 2, Protoss Ground Armor Level 2, Terran Ship Armor Level 2, Terran Infantry Weapons Level 2, Zerg Flyer Weapons Level 2, Protoss Air Weapons Level 2, Terran Ship Weapons Level 2  
    0:45  Blink, Stimpack  
    0:52  Terran Ship Armor Level 1, Terran Infantry Armor Level 1, Zerg Melee Weapons Level 1, Zerg Flyer Armor Level 1, Protoss Ground Armor Level 1, Terran Infantry Weapons Level 1, Zerg Ground Armor Level 1, Protoss Ground Weapons Level 1, Protoss Air Armor Level 1, Protoss Shields Level 1, Terran Vehicle Armor Level 1, Warp Gate, Zerg Missile Weapons Level 1, Protoss Air Weapons Level 1, Zerg Flyer Weapons Level 1, Terran Vehicle Weapons Level 1, Terran Ship Weapons Level 1  
    1:06  Charge, Building Armor, Extended Thermal Lance, Resonating Glaives  
    1:13  Adrenal Glands, Ventral Sacs  
    1:18  SCV x12  
    1:19  Enduring Locusts  
    1:20  Personal Cloaking  
    1:26  Psionic Storm  
    1:27  Cloaking Field, Combat Shields, Tunneling Claws, Centrifical Hooks, Metabolic Boost, Neural Parasite, Neosteel Frame, Corvid Reactor, Glial Reconstitution, Durable Materials, Infernal Pre-Igniter, Chitinous Plating  
    1:30  Unknown  
    1:32  SCV  
  13  1:35  Burrow, Muscular Augments x2  
  13  1:44  SCV  
  14  1:49  Supply Depot, Pathogen Glands, Behemoth Reactor, Observer Gravitic Boosters, Hi-Sec Auto Tracking, Moebius Reactor, Caduceus Reactor, Graviton Catapult, Gravitic Drive  
  14  1:57  SCV  
  14  1:59  Refinery  
  15  2:03  Weapon Refit, Pneumatized Carapace, Concussive Shells  
  15  2:10  SCV  
  16  2:46  Unknown x5  
Show
View Real Time Build Order
Export as new Build Order

A.I. 1 (Very Easy) Protoss 

Build Orders: Blink Stalkers 

Get SALT Encoding   

  1  0:00  Cloaking Field, Terran Infantry Armor Level 1, Zerg Melee Weapons Level 2, Enduring Locusts, Protoss Ground Armor Level 1, Terran Infantry Weapons Level 1, Terran Ship Weapons Level 1, Centrifical Hooks, Zerg Flyer Weapons Level 3, Terran Infantry Armor Level 2, Protoss Air Armor Level 3, Weapon Refit, Metabolic Boost, Durable Materials, Pneumatized Carapace, Terran Ship Armor Level 3, Terran Vehicle Armor Level 1, Terran Vehicle Armor Level 2, Zerg Flyer Armor Level 2, Terran Vehicle Weapons Level 3, Zerg Missile Weapons Level 3, Protoss Ground Weapons Level 2, Zerg Melee Weapons Level 3, Extended Thermal Lance, Zerg Ground Armor Level 1, Zerg Ground Armor Level 3, Building Armor, Zerg Melee Weapons Level 1, Observer Gravitic Boosters, Blink, Protoss Ground Armor Level 3, Zerg Flyer Armor Level 3, Protoss Ground Weapons Level 3, Moebius Reactor, Resonating Glaives, Zerg Missile Weapons Level 1, Terran Vehicle Weapons Level 1, Protoss Ground Armor Level 2, Terran Infantry Weapons Level 3, Burrow, Behemoth Reactor, Protoss Air Weapons Level 3, Terran Ship Weapons Level 2, Protoss Shields Level 3, Zerg Flyer Weapons Level 2, Charge, Zerg Flyer Weapons Level 1, Terran Ship Weapons Level 3, Caduceus Reactor, Stimpack, Ventral Sacs, Terran Infantry Armor Level 3, Protoss Shields Level 2, Pathogen Glands, Zerg Ground Armor Level 2, Protoss Air Armor Level 2, Terran Ship Armor Level 2, Hi-Sec Auto Tracking, Terran Vehicle Weapons Level 2, Terran Vehicle Armor Level 3, Adrenal Glands, Protoss Air Weapons Level 2, Gravitic Drive, Terran Ship Armor Level 1, Protoss Shields Level 1, Zerg Flyer Armor Level 1, Combat Shields, Terran Infantry Weapons Level 2, Graviton Catapult, Personal Cloaking, Tunneling Claws, Concussive Shells, Protoss Ground Weapons Level 1, Muscular Augments x2, Psionic Storm, Protoss Air Armor Level 1, Neural Parasite, Zerg Missile Weapons Level 2, Neosteel Frame, Warp Gate, Corvid Reactor, Glial Reconstitution, Protoss Air Weapons Level 1, Infernal Pre-Igniter, Chitinous Plating  
    0:09  Protoss Air Weapons Level 3, Zerg Missile Weapons Level 3, Protoss Shields Level 3, Terran Infantry Weapons Level 3, Zerg Flyer Armor Level 3, Zerg Ground Armor Level 3, Terran Infantry Armor Level 3, Zerg Melee Weapons Level 3, Terran Ship Armor Level 3, Zerg Flyer Weapons Level 3, Protoss Air Armor Level 3, Protoss Ground Armor Level 3, Terran Ship Weapons Level 3, Protoss Ground Weapons Level 3, Terran Vehicle Weapons Level 3, Terran Vehicle Armor Level 3  
    0:13  Unknown x5  
    0:30  Zerg Flyer Armor Level 2, Zerg Melee Weapons Level 2, Terran Vehicle Armor Level 2, Protoss Ground Weapons Level 2, Zerg Ground Armor Level 2, Terran Vehicle Weapons Level 2, Protoss Shields Level 2, Terran Infantry Armor Level 2, Protoss Air Armor Level 2, Zerg Missile Weapons Level 2, Protoss Ground Armor Level 2, Terran Ship Armor Level 2, Terran Infantry Weapons Level 2, Zerg Flyer Weapons Level 2, Protoss Air Weapons Level 2, Terran Ship Weapons Level 2  
    0:45  Blink, Stimpack  
    0:52  Terran Ship Armor Level 1, Terran Infantry Armor Level 1, Zerg Melee Weapons Level 1, Zerg Flyer Armor Level 1, Protoss Ground Armor Level 1, Terran Infantry Weapons Level 1, Zerg Ground Armor Level 1, Protoss Ground Weapons Level 1, Protoss Air Armor Level 1, Protoss Shields Level 1, Terran Vehicle Armor Level 1, Warp Gate, Zerg Missile Weapons Level 1, Protoss Air Weapons Level 1, Zerg Flyer Weapons Level 1, Terran Vehicle Weapons Level 1, Terran Ship Weapons Level 1  
    1:06  Charge, Building Armor, Extended Thermal Lance, Resonating Glaives  
    1:13  Adrenal Glands, Ventral Sacs  
    1:19  Enduring Locusts  
    1:20  Personal Cloaking, Probe x12 (Chrono Boost)  
    1:26  Psionic Storm  
    1:27  Cloaking Field, Combat Shields, Tunneling Claws, Centrifical Hooks, Metabolic Boost, Neural Parasite, Neosteel Frame, Corvid Reactor, Glial Reconstitution, Durable Materials, Infernal Pre-Igniter, Chitinous Plating  
    1:30  Unknown  
  12  1:33  Probe (Chrono Boost)  
  12  1:35  Burrow, Muscular Augments x2  
  13  1:43  Probe (Chrono Boost)  
  14  1:49  Pathogen Glands, Behemoth Reactor, Observer Gravitic Boosters, Hi-Sec Auto Tracking, Moebius Reactor, Caduceus Reactor, Graviton Catapult, Gravitic Drive  
  14  1:51  Pylon  
  15  1:54  Probe (Chrono Boost)  
  15  2:03  Weapon Refit, Pneumatized Carapace, Concussive Shells  
  15  2:09  Probe (Chrono Boost)  
  16  2:20  Probe (Chrono Boost)  
  17  2:26  Gateway  
  17  2:27  Assimilator  
  17  2:31  Pylon  
  17  2:33  Probe (Chrono Boost)  
  18  2:46  Unknown x5  
Tags
 
Add a new tag
Caveats
  • Supply blocks, unpowered buildings, or Contaminate may cause inaccurate times.
  • Supply counts are checked every 10 seconds.